 Dungeon Crawl Stone Soup version 0.25.1-2-g60ff931df9 (webtiles) character file.

Game seed: 543879156578626825

44226 gruber the Demonic Catastrophe (level 13, -7/105 HPs)
             Began as a Demonspawn Transmuter on Aug 18, 2020.
             Was an Elder of Qazlal.
             Killed from afar by an efreet (illusionary) (22 damage)
             ... with a bolt of fire
             ... on level 14 of the Dungeon.
             The game lasted 00:23:51 (16932 turns).

gruber the Demonic Catastrophe (DsTm)              Turns: 16932, Time: 00:23:52

Health: -7/105     AC: 16    Str: 15    XL:     13   Next: 95%
Magic:  0/22       EV: 16    Int: 15    God:    Qazlal [****..]
Gold:   1089       SH: 12    Dex: 14    Spells: 10/16 levels left

rFire    . . .     SeeInvis .   A - +6 Maxwell's thermic engine {flame, freeze}
rCold    . . .     Gourm    .   T - +0 buckler
rNeg     . . .     Faith    .   U - +0 troll leather armour
rPois    .         Spirit   +   (helmet unavailable)
rElec    .         Reflect  .   W - +0 cloak
rCorr    .         Harm     .   e - +0 pair of gloves
MR       +....                  J - +0 pair of boots
Stlth    +.........             (no amulet)
HPRegen  0.67/turn              r - ring of protection from magic
MPRegen  0.36/turn              V - +4 ring of slaying

@: protected from physical damage, repel missiles
A: horns 3, iridescent scales 2, demonic guardian 1, magic shield, magic
regeneration, magic link
a: Upheaval, Elemental Force, Renounce Religion


You were on level 14 of the Dungeon.
You worshipped Qazlal.
Qazlal was greatly pleased with you.
You were not hungry.

You visited 3 branches of the dungeon, and saw 17 of its levels.
You also visited: Sewer.

You collected 1089 gold pieces.

Inventory:

Hand Weapons
 A - the +6 Maxwell's thermic engine (weapon) {flame, freeze}
   (You found it in a sewer)

   It has been specially enchanted to burn those struck by it, causing extra
   injury to most foes and up to half again as much damage against particularly
   susceptible opponents.
   Big, fiery blades are also staple armaments of hydra-hunters.
   It has been specially enchanted to freeze those struck by it, causing extra
   injury to most foes and up to half again as much damage against particularly
   susceptible opponents.
Missiles
 a - 425 arrows
 y - 6 curare-tipped darts (quivered)
 z - 2 javelins
Armour
 e - a +0 pair of gloves (worn)
 J - a +0 pair of boots (worn)
 T - a +0 buckler (worn)
 U - a +0 troll leather armour (worn)
 W - a +0 cloak (worn)
 X - the +3 scale mail of the Three Brambles {Dex+3}
   (You found it on level 13 of the Dungeon)

   It affects your dexterity (+3).
Jewellery
 i - an uncursed ring of protection from fire
 r - a ring of protection from magic (left hand)
 L - the ring "Koegoroely" {Ice Str+2 Int-3 Slay+3}
   (You found it on level 12 of the Dungeon)

   [ring of ice]

   It enhances your ice magic.
   It affects your strength (+2).
   It affects your intelligence (-3).
   It affects your accuracy and damage with ranged weapons and melee attacks
   (+3).
   It makes you vulnerable to fire.
   It protects you from cold.
 R - a cursed -4 ring of protection {unknown}
 V - a +4 ring of slaying (right hand)
Wands
 t - a wand of disintegration (18)
 x - a wand of polymorph (6)
 D - a wand of random effects (26)
 G - a wand of enslavement (14)
 K - a wand of clouds (1)
 P - a wand of flame (69)
 Q - a wand of digging (4)
 Y - a wand of iceblast (9)
 Z - a wand of paralysis (5)
Scrolls
 c - 7 scrolls of remove curse
 f - 4 scrolls of fear {unknown}
 g - 14 scrolls of teleportation
 h - a scroll of summoning {unknown}
 j - a scroll of amnesia
 k - 2 scrolls of noise {unknown}
 s - 6 scrolls of magic mapping {unknown}
 w - 4 scrolls of random uselessness {unknown}
 E - 2 scrolls of blinking {unknown}
 H - 2 scrolls of immolation {unknown}
 M - 2 scrolls of fog {unknown}
 S - 2 scrolls of vulnerability {unknown}
Potions
 b - a potion of magic
 l - a potion of cancellation
 m - 4 potions of curing
 n - 6 potions of flight {unknown}
 o - 2 potions of might
 p - 4 potions of heal wounds {unknown}
 q - a potion of stabbing
 u - a potion of invisibility
 v - 2 potions of brilliance {unknown}
 B - 2 potions of resistance
 C - a potion of ambrosia {unknown}
 F - 3 potions of haste
 I - a potion of mutation {unknown}
 N - 6 potions of degeneration {unknown}
 O - a potion of lignification
Comestibles
 d - 20 rations


   Skills:
 * Level 10.8 Fighting
 - Level 11.0 Long Blades
 - Level 7.1 Armour
 - Level 8.0 Dodging
 - Level 8.5 Shields
 - Level 6.1 Unarmed Combat
 - Level 2.0 Spellcasting
 - Level 1.7 Transmutations
 - Level 0.4 Poison Magic
 - Level 12.3 Invocations


You had 10 spell levels left.
You knew the following spells:

 Your Spells              Type           Power        Failure   Level  Hunger
a - Beastly Appendage     Tmut           #.....       13%         1    #......
b - Sticks to Snakes      Tmut           #.......     19%         2    ###....
c - Spider Form           Tmut/Pois      #.........   45%         3    ###....

Your spell library contained the following spells:

 Spells                   Type           Power        Failure   Level  Hunger
 Infusion                 Chrm           #...         26%         1    #......
 Magic Dart               Conj           #...         26%         1    #......
 Blink                    Tloc           N/A          36%         2    ###....
 Call Imp                 Summ           #.......     36%         2    ###....
 Shroud of Golubria       Chrm/Tloc      #.....       36%         2    ###....
 Slow                     Hex            #.......     36%         2    ###....
 Song of Slaying          Chrm           #.......     36%         2    ###....
 Mephitic Cloud           Conj/Pois/Air  #.......     58%         3    ###....
 Conjure Flame            Conj/Fire      #.......     61%         3    ###....
 Ozocubu's Armour         Chrm/Ice       #.......     61%         3    ###....
 Spectral Weapon          Hex/Chrm       #.......     61%         3    ###....
 Ice Form                 Ice/Tmut       #.......     88%         4    #####..
 Blade Hands              Tmut           #.........   98%         5    ######.


Dungeon Overview and Level Annotations

Branches:
Dungeon (15/15)            Temple (1/1) D:5            Lair (0/6) D:10
    Orc (1/2) D:10         Vaults (0/5) D:13         Depths (0/5) D:15
  Sewer (visited)

Altars:
Cheibriados
Dithmenos
Elyvilon
Fedhas
Hepliaklqana
Kikubaaqudgha
Makhleb
Okawaru
Qazlal
Sif Muna
Uskayaw
Wu Jian
Yredelemnul
Zin
The Shining One

Shops:
D:11 :   D:12 %

Annotations:
D:10 exclusion: oklob plant
D:12 2 transporters


Innate Abilities, Weirdness & Mutations

You have a pair of large horns on your head.
You are mostly covered in iridescent scales. (AC +4)
A weak demonic guardian rushes to your aid.
When hurt, damage is shared between your health and your magic reserves.
You regenerate magic rapidly.
When low on magic, you restore magic in place of health.


Message History

Unknown command.
Unknown command.
You slash the centaur warrior zombie! You burn the centaur warrior zombie!
You destroy the centaur warrior zombie!
Qazlal accepts your kill.
A centaur comes into view.
The efreet gestures at you.
The fireball explodes!
The fireball engulfs you!!
* * * LOW HITPOINT WARNING * * *
The fireball engulfs your shadow imp!!
Your shadow imp dies!
The fireball engulfs the efreet.
The efreet completely resists.
Something barely misses your water elemental.
The troll bites your water elemental!
The troll barely misses your water elemental.
The troll claws your water elemental!
Your water elemental hits the troll!
You feel better. The efreet gestures at you. The bolt of fire hits you!!
You die...

##.#
#....#.#.#.#.#
.#.###
#>...=........
.....######....#.#
##.#......'......#
#..#######....#.+
##.# ###+#.†# #.#
##.##+##)# #.#
#≈........ #.#
#..#@#.#.#.# #.#
##.#R#.# ###'### #
E°# . ...<..# ##T#
.# .§....#


.cc # [.....# ..c .[....# ... ......# ..... ......'.. You could see a centaur
warrior, a troll, an efreet, 2 centaurs and a friendly water elemental
(summoned).

Vanquished Creatures
  Gastronok (D:10)
  2 hydras
  A rakshasa (D:15)
  Harold (D:9)
  3 vault guards (D:13)
  2 centaur warriors
  An ogre mage (D:13)
  A queen ant (shapeshifter) (D:15)
  4 two-headed ogres
  A death knight (D:15)
  Sonja (D:10)
  A deep elf knight (D:15)
  A wizard (D:14)
  4 unseen horrors
  2 orc knights
  Pikel (D:9)
  A harpy (shapeshifter) (D:15)
  4 ugly things
  A manticore (D:13)
  3 cyclopes
  4 centaur zombies
  Maurice (D:9)
  3 gargoyles
  A yaktaur (D:13)
  3 kobold demonologists
  An efreet (D:14)
  A komodo dragon (D:11)
  A tengu conjurer (D:13)
  4 trolls
  A hornet (D:12)
  A hippogriff (D:9)
  13 slime creatures
  A spriggan (D:9)
  A vampire (D:12)
  3 wraiths
  9 yaks
  3 wyverns
  2 humans (D:13)
  3 basilisks
  5 hungry ghosts
  An acid dragon (D:13)
  A soldier ant (D:10)
  Duvessa (D:5)
  5 ice beasts
  11 orc warriors
  5 phantoms
  4 sky beasts (D:11)
  A black bear (D:10)
  3 necrophages
  9 ogres
  3 boggarts (D:15)
  8 centaurs
  2 crocodiles
  8 big kobolds
  15 bullfrogs
  A gnoll sergeant (D:9)
  A water moccasin zombie (D:11)
  Dowan (D:5)
  A wyvern zombie (D:11)
  4 scorpions
  7 wights (D:15)
  A killer bee (D:11)
  4 howler monkeys
  5 crimson imps
  A bullfrog zombie (D:13)
  4 hounds
  3 jellies
  6 centaur skeletons
  5 orc priests
  2 bullfrog skeletons
  2 iguanas
  12 orc wizards
  11 worker ants
  A killer bee zombie (D:8)
  A hound zombie (D:11)
  A worker ant zombie (D:10)
  A howler monkey skeleton (D:6)
  2 gnolls (D:9)
  18 adders
  7 shadow imps
  An ooze (D:1)
  3 dart slugs
  2 worms
  8 leopard geckos
  42 orcs
  4 ball pythons
  10 giant cockroaches
  5 goblins
  5 hobgoblins
  14 jackals
  2 quokkas
  9 bats
  19 frilled lizards
  30 kobolds
  8 rats
438 creatures vanquished.

Vanquished Creatures (collateral kills)
  A vault guard (D:13)
  Erolcha (D:12)
  2 centaur warriors
  A manticore (D:15)
  2 trolls (D:15)
  A slime creature (D:15)
  2 yaks (D:12)
  2 orc warriors
  An ogre (D:4)
  A scorpion (D:4)
  A wight (D:15)
  A quasit (D:9)
  A jelly (D:15)
  An orc priest (D:15)
  2 orc wizards (Orc:1)
  A leopard gecko (D:11)
  13 orcs
34 creatures vanquished.

Vanquished Creatures (others)
  A soldier ant (D:15)
  4 slaves (D:9)
  A bullfrog (D:9)
  2 howler monkeys (D:9)
  3 gnolls (D:9)
11 creatures vanquished.

Grand Total: 483 creatures vanquished

Notes
Turn   | Place    | Note
-------+----------+-------------------------------------------
     0 | D:1      | gruber the Demonspawn Transmuter began the quest for the
                  | Orb.
     0 | D:1      | Reached XP level 1. HP: 15/15 MP: 3/3
   175 | D:1      | Gained mutation: When hurt, damage is shared between your
                  | health and your magic reserves. [demonic ancestry]
   175 | D:1      | Reached XP level 2. HP: 21/21 MP: 5/5
   674 | D:1      | Reached XP level 3. HP: 26/26 MP: 4/6
  1362 | D:2      | Learned a level 2 spell: Sticks to Snakes
  1366 | D:2      | Learned a level 3 spell: Spider Form
  1456 | D:2      | Mutation became permanent: You have a pair of small horns
                  | on your head. [demonic ancestry]
  1456 | D:2      | Gained mutation: You have a pair of horns on your head.
                  | [demonic ancestry]
  1456 | D:2      | Reached XP level 4. HP: 29/32 MP: 4/7
  1827 | D:2      | Found an ornate altar of the Wu Jian Council.
  2108 | D:2      | Reached skill level 5 in Unarmed Combat
  2583 | D:3      | Found a glowing golden altar of the Shining One.
  2645 | D:3      | Gained mutation: You are partially covered in iridescent
                  | scales. (AC +2) [demonic ancestry]
  2645 | D:3      | Reached XP level 5. HP: 37/37 MP: 8/8
  3765 | D:4      | Noticed a phantom
  3838 | D:4      | Found a shimmering blue altar of Sif Muna.
  3896 | D:4      | Found a glowing drain.
  3909 | Sewer    | Entered a sewer
  4220 | Sewer    | Found the +2 Maxwell's thermic engine {flame, freeze}
  4310 | Sewer    | Reached XP level 6. HP: 37/44 MP: 4/9
  4861 | D:4      | Gained mutation: You regenerate magic rapidly. [demonic
                  | ancestry]
  4861 | D:4      | Reached XP level 7. HP: 51/51 MP: 5/10
  5054 | D:5      | Entered Level 5 of the Dungeon
  5230 | D:5      | Found an ornate altar of the Wu Jian Council.
  5287 | D:5      | Found a staircase to the Ecumenical Temple.
  5854 | D:5      | Noticed Duvessa
  5854 | D:5      | Noticed Dowan
  5859 | D:5      | Killed Duvessa
  5861 | D:5      | Killed Dowan
  5861 | D:5      | Reached skill level 5 in Long Blades
  6382 | D:6      | Gained mutation: You are mostly covered in iridescent
                  | scales. (AC +4) [demonic ancestry]
  6382 | D:6      | Reached XP level 8. HP: 30/57 MP: 4/11
  6564 | D:6      | Got a heavily runed bone amulet
  6916 | D:6      | Found a snail-covered altar of Cheibriados.
  6936 | D:6      | Found a white marble altar of Elyvilon.
  7396 | D:6      | Identified the amulet "Piomn" {Inacc rPois rN++ Str+2
                  | Stlth-} (You found it on level 6 of the Dungeon)
  7439 | D:7      | Reached skill level 1 in Armour
  7780 | D:7      | Noticed a +0 dagger
  7780 | D:7      | Noticed a +0 hand axe
  7857 | D:7      | Found a hide-covered altar of Uskayaw.
  8000 | D:7      | Reached skill level 5 in Armour
  8181 | D:7      | Found a shadowy altar of Dithmenos.
  8258 | Temple   | Entered the Ecumenical Temple
  8299 | Temple   | Became a worshipper of Qazlal Stormbringer
  8393 | D:8      | Found a burning altar of Makhleb.
  8943 | D:8      | Gained mutation: A weak demonic guardian rushes to your
                  | aid. [demonic ancestry]
  8943 | D:8      | Reached XP level 9. HP: 61/62 MP: 12/12
  9395 | D:9      | Noticed Harold
  9395 | D:9      | Noticed a two-headed ogre
  9399 | D:9      | Killed a two-headed ogre
  9409 | D:9      | Killed Harold
  9602 | D:9      | Noticed a centaur warrior
  9609 | D:9      | Noticed Pikel
  9610 | D:9      | Killed a centaur warrior
  9610 | D:9      | Reached XP level 10. HP: 46/69 MP: 10/13
  9633 | D:9      | Killed Pikel
  9900 | D:9      | Reached * piety under Qazlal
 10292 | D:9      | Noticed Maurice
 10344 | D:9      | Killed Maurice
 10587 | D:10     | Entered Level 10 of the Dungeon
 10618 | D:10     | Found a staircase to the Lair.
 10618 | D:10     | Noticed an oklob plant
 10986 | D:10     | Killed an unseen horror
 11171 | D:10     | Reached ** piety under Qazlal
 11193 | D:10     | Found a staircase to the Orcish Mines.
 11316 | D:10     | Noticed a gargoyle
 11316 | D:10     | Identified the +10 quarterstaff of Kosesk {speed, +Rage
                  | rPois}
 11319 | D:10     | Killed a gargoyle
 11319 | D:10     | Gained mutation: You have a pair of horns on your head.
                  | [demonic ancestry]
 11319 | D:10     | Reached XP level 11. HP: 74/74 MP: 14/14
 11423 | D:10     | Noticed Sonja
 11436 | D:10     | Killed Sonja
 11436 | D:10     | Reached skill level 10 in Long Blades
 11949 | D:11     | Noticed Gastronok
 12001 | D:11     | Noticed a two-headed ogre
 12006 | D:11     | Killed a two-headed ogre
 12449 | D:11     | Found Agofy's Book Emporium.
 12582 | Orc:1    | Entered Level 1 of the Orcish Mines
 12590 | Orc:1    | Reached *** piety under Qazlal
 12613 | Orc:1    | Noticed an orc sorcerer
 12615 | Orc:1    | Noticed an orc warlord
 12870 | D:11     | Noticed a two-headed ogre
 12883 | D:11     | Killed a two-headed ogre
 12883 | D:11     | Reached skill level 5 in Fighting
 12897 | D:11     | Reached **** piety under Qazlal
 13129 | D:11     | Reached skill level 1 in Invocations
 13145 | D:11     | Reached skill level 2 in Invocations
 13460 | D:10     | Killed Gastronok
 13460 | D:10     | Reached skill level 6 in Invocations
 13554 | D:11     | Reached skill level 7 in Invocations
 13557 | D:11     | Gained mutation: When low on magic, you restore magic in
                  | place of health. [demonic ancestry]
 13557 | D:11     | Reached XP level 12. HP: 84/88 MP: 17/17
 13634 | D:11     | Reached skill level 8 in Invocations
 13645 | D:11     | Noticed a six-headed hydra
 13649 | D:11     | Killed a three-headed hydra
 13649 | D:11     | Reached skill level 9 in Invocations
 13652 | D:11     | Reached skill level 10 in Invocations
 13801 | D:11     | Reached ***** piety under Qazlal
 14063 | D:11     | Reached skill level 11 in Invocations
 14245 | D:12     | Reached skill level 12 in Invocations
 14359 | D:12     | Noticed Erolcha
 14372 | D:12     | Paralysed by Erolcha for 2 turns
 14378 | D:12     | Killed Erolcha
 14571 | D:12     | Found a transporter.
 14638 | D:12     | Found a glowing silver altar of Zin.
 14654 | D:12     | Found Exzuech's Food Shop.
 14699 | D:12     | Found a transporter.
 14821 | D:12     | Noticed a five-headed hydra
 14827 | D:12     | Killed a three-headed hydra
 14947 | D:12     | Got a translucent copper ring
 15121 | D:12     | Identified the ring "Koegoroely" {Ice Str+2 Int-3 Slay+3}
                  | (You found it on level 12 of the Dungeon)
 15177 | D:13     | Reached skill level 1 in Shields
 15304 | D:13     | Noticed a vault guard
 15305 | D:13     | Noticed a vault guard
 15307 | D:13     | Got a bronze scale mail
 15314 | D:13     | Identified the +3 scale mail of the Three Brambles {Dex+3}
                  | (You found it on level 13 of the Dungeon)
 15343 | D:13     | Noticed a centaur warrior
 15350 | D:13     | Killed a centaur warrior
 15350 | D:13     | Gained mutation: You have a pair of large horns on your
                  | head. [demonic ancestry]
 15350 | D:13     | Reached XP level 13. HP: 96/99 MP: 22/22
 15469 | D:13     | Reached skill level 5 in Shields
 15623 | D:13     | Found a gate to the Vaults.
 15899 | D:13     | You fall into a shaft and drop 2 floors!
 15899 | D:15     | Entered Level 15 of the Dungeon
 16313 | D:15     | Noticed an emperor scorpion
 16316 | D:15     | an emperor scorpion changed into a catoblepas
 16326 | D:15     | Noticed an entropy weaver
 16326 | D:15     | a catoblepas changed into an entropy weaver
 16327 | D:15     | Noticed a fire dragon
 16327 | D:15     | an entropy weaver changed into a fire dragon
 16328 | D:15     | a fire dragon changed into a queen ant
 16431 | D:15     | Found a staircase to the Depths.
 16686 | D:15     | Noticed an angel
 16687 | D:15     | Found a glowing silver altar of Zin.
 16804 | D:14     | Reached skill level 10 in Fighting
 16932 | D:14     | Killed from afar by an efreet (illusionary)

Illustrated notes

Levels and vault maps discovered:
D:1:      minmay_arrival_hallway, layout_basic, item_on_display_a
D:2:      layout_rooms, lemuel_round_altar, chequers_serial_rivers_marsh,
          corexii_leaking_fountain, minmay_lizard_pond
D:3:      layout_basic, overflow_temple_1_default, kennysheep_generic_room_15
D:4:      layout_cave_pods, nicolae_overflow_crystal_walls,
          cheibrodos_sewer_entry_bend, first_ration
D:5:      layout_basic, minmay_temple_entry_glass, basic_altar, uniq_duvessa
D:6:      layout_layer_cave, overflow_temple_1_default,
          nicolae_overflow_hidden_temple
D:7:      layout_basic, grunt_dithmenos_shadows, dancing_weapons_uskayaw
D:8:      layout_loops_corners, bloody_makhleb
D:9:      layout_loops_ring, the_bakery, minmay_tree_intersection, uniq_harold,
          uniq_maurice, uniq_pikel
D:10:     layout_roguey, dpeg_oklobed_lair, hiddenorc1_lemuel, uniq_sonja
D:11:     minmay_quarter_circles, layout_irregular_city, serial_shops,
          nicolae_shop_stone, uniq_gastronok
D:12:     gammafunk_worm_tunnel, layout_basic, basic_altar, serial_shops,
          shop_coins, minmay_strange_pillars, uniq_erolcha
D:13:     layout_rooms, grunt_vaults_entry_fortified
D:14:     layout_roguey, minmay_misc_feat_doors
D:15:     gammafunk_enter_depths_forms, layout_cave_pools, zin_angel,
          minmay_bent
Temple:   eino_temple_water
Orc:1:    layout_caves, enter_bailey_6, elves_outpost_lemuel

Skill      XL: |  1  2  3  4  5  6  7  8  9 10 11 12 13 |
---------------+----------------------------------------+-----
Unarmed Combat | 3 4 5 6 |  6.1
Fighting       | 2 6 8 10 | 10.8
Long Blades    | 2 5 6 9 11 | 11.0
Armour         | 5 6 7 |  7.1
Dodging        | 3 8 |  8.0
Invocations    | 7 12 | 12.3
Shields        | 4 8 |  8.5
Spellcasting   | |  2.0
Transmutations | |  1.7
Poison Magic   | |  0.4

Action                   |  1- 3 |  4- 6 |  7- 9 | 10-12 | 13-15 || total
-------------------------+-------+-------+-------+-------+-------++-------
Melee: Unarmed           |   169 |   188 |       |       |       ||   357
       Punch             |     2 |     1 |     5 |    11 |       ||    19
       Kick              |     3 |     7 |       |       |       ||    10
       Headbutt          |       |    20 |    23 |    96 |    33 ||   172
       Double sword      |       |     9 |   179 |   512 |   190 ||   890
Throw: Dart              |       |       |     3 |       |       ||     3
 Cast: Beastly Appendage |     6 |     5 |       |       |       ||    11
       Spider Form       |       |     3 |       |       |       ||     3
       Sticks to Snakes  |       |     4 |     2 |     3 |       ||     9
Invok: Elemental Force   |       |       |       |     1 |     5 ||     6
       Disaster Area     |       |       |       |       |     1 ||     1
Evoke: Wand              |       |       |       |     1 |       ||     1
  Use: Scroll            |       |     2 |     2 |     4 |     6 ||    14
       Potion            |       |       |       |     1 |     1 ||     2
 Stab: Sleeping          |       |     1 |     1 |       |       ||     2
       Distracted        |       |       |     1 |     1 |     1 ||     3
  Eat: Chunk             |     2 |    11 |    14 |    19 |     5 ||    51
       Ration            |       |       |     3 |     2 |       ||     5
Armor: Robe              |    69 |    44 |    26 |       |       ||   139
       Leather armour    |       |       |    46 |   107 |       ||   153
       Troll leather arm |       |       |       |    29 |    32 ||    61
Dodge: Dodged            |   158 |   114 |   115 |   295 |    94 ||   776
       Repelled          |       |       |       |     6 |    11 ||    17
Block: Other             |       |       |       |    77 |       ||    77
       Buckler           |       |       |       |    25 |   105 ||   130
       Rpst.: Double sword |       |     3 |    30 |   102 |    23 ||   158
